 Dungeon Crawl Stone Soup version 0.31-a0-236-g9a0961fb85 (webtiles) character file.

Game seed: 10202235711163218471

185 innerfire43 the Trooper (level 5, -3/42 HPs)
             Began as a Demonspawn Monk on July 10, 2023.
             Killed from afar by an orc wizard (6 damage)
             ... with a puff of flame
             ... on level 4 of the Dungeon.
             The game lasted 00:03:07 (2467 turns).

innerfire43 the Trooper (Demonspawn Monk)           Turns: 2467, Time: 00:03:08

Health: -3/42      AC:  5    Str: 13    XL:     5   Next: 37%
Magic:  5/5        EV: 13    Int: 12    God:
Gold:   159        SH:  5    Dex: 15    Spells: 4/4 levels left

rFire   . . .        a - +0 hand axe
rCold   + . .        d - orb {light}
rNeg    . . .        b - +0 robe
rPois   .            (no helmet)
rElec   .            (no cloak)
rCorr   .            (no gloves)
SInv    .            (no boots)
Will    .....        e - amulet of reflection
Stlth   +            f - ring of protection from cold
HPRegen 0.27/turn    (no ring)
MPRegen 0.09/turn

%: reflection
@: glowing
A: yellow scales 2, powered by death 1
a: no special abilities


You were on level 4 of the Dungeon.
You visited 1 branch of the dungeon, and saw 4 of its levels.

You collected 159 gold pieces.

Inventory:

Hand Weapons
 a - a +0 hand axe (weapon)
Armour
 b - a +0 robe (worn)
 d - an orb of light (worn)
Jewellery
 e - an amulet of reflection (around neck)
 f - a ring of protection from cold (left hand)
 g - a ring of ice
Scrolls
 h - 4 scrolls of identify {unknown}
 i - a scroll of vulnerability {unknown}
 l - a scroll of revelation {unknown}
 n - 2 scrolls of teleportation {unknown}
 o - a scroll of enchant weapon {unknown}
 p - a scroll of torment {unknown}
 q - a scroll of enchant armour {unknown}
 r - a scroll of noise {unknown}
 t - a scroll of immolation {unknown}
Potions
 c - 2 potions of enlightenment {unknown}
 j - a potion of berserk rage {unknown}
 k - 2 potions of mutation {unknown}
 m - a potion of curing {unknown}
 s - 2 potions of heal wounds {unknown}


   Skills:
 + Level 4.3 Fighting
 + Level 3.8 Axes
 + Level 3.8 Dodging


You had 4 spell levels left.
You didn't know any spells.
Your spell library contained the following spells:

 Spells                   Type           Power      Damage    Failure   Level
 Foxfire                  Conj/Fire      0%         2x1d4     32%         1
 Summon Guardian Golem    Hex/Summ       0%         N/A       69%         3
 Manifold Assault         Tloc           0%         N/A       97%         4
 Fireball                 Conj/Fire      0%         3d3       100%        5
 Dispersal                Tloc           0%         N/A       100%        6
 Plasma Beam              Fire/Air       0%         2x1d10    100%        6
 Starburst                Conj/Fire      0%         6d3       100%        6
 Orb of Destruction       Conj           0%         9d5       100%        7
 Spellforged Servitor     Conj/Summ      0%         N/A       100%        7
 Disjunction              Tloc           0%         N/A       100%        8


Dungeon Overview and Level Annotations

Branches:
Dungeon (4/15)
 Temple: D:4-7

Altars:

Shops:
D:3 *(


Innate Abilities, Weirdness & Mutations

You are mostly covered in yellow scales. (AC +3)
You regenerate a little health from kills.


Message History

You barely miss the orc priest.
The orc wizard hits you with a +0 dagger.
The orc priest hits you with a +0 hand axe.
You are too injured to fight recklessly!
Unknown command.
You completely miss the orc wizard.
The orc wizard is moderately wounded.
You hit the orc priest but do no damage.
The orc wizard closely misses you. The orc priest closely misses you.
You hit the orc wizard.
The orc wizard is heavily wounded.
You hit the orc priest but do no damage.
The orc wizard barely misses you.
The orc priest hits you with a +0 hand axe.
You barely miss the orc wizard.
The orc wizard is heavily wounded.
You hit the orc priest.
The orc wizard hits you but does no damage.
The orc priest invokes the aid of Beogh against you.
Beogh smites you!
* * * LOW HITPOINT WARNING * * *
The orc wizard closely misses you.
The orc priest hits you with a +0 hand axe.
* * * LOW HITPOINT WARNING * * *
You are too injured to fight recklessly!
You hit the orc wizard.
The orc wizard is almost dead.
You hit the orc priest but do no damage.
The orc wizard hits you with a +0 dagger.
* * * LOW HITPOINT WARNING * * *
The orc priest hits you but does no damage.
Unknown command.
You are too injured to fight recklessly!
Unknown command.
You barely miss the orc wizard.
The orc wizard is almost dead.
You completely miss the orc priest.
The orc wizard gestures at you while chanting.
The puff of flame hits you.
You die...

..<.. +......#
#......##+# #...........
.##+########............
.......................#
......o)...............#
......o@...............#
.......................#
.....#######...........#
.... +...........# ...
#...........+ ..
#...........# .
#######'#######
#....#.....#
#.(..#.....#


You could see an orc priest and an orc wizard.

Vanquished Creatures
  An orc priest (D:3)
  An orc wizard (D:3)
  3 adders (D:2)
  A worm (D:3)
  2 dart slugs
  8 orcs
  6 endoplasms
  5 giant cockroaches
  9 goblins
  4 hobgoblins
  10 jackals (D:1)
  9 kobolds
  4 quokkas
  9 ball pythons
  4 bats
  2 frilled lizards
  3 rats
81 creatures vanquished.

Notes
Turn   | Place    | Note
-------+----------+-------------------------------------------
     0 | D:1      | innerfire43 the Demonspawn Monk began the quest for the
                  | Orb.
     0 | D:1      | Reached XP level 1. HP: 18/18 MP: 1/1
   141 | D:1      | Gained mutation: You are partially covered in yellow
                  | scales. (AC +2) [demonic ancestry]
   141 | D:1      | Reached XP level 2. HP: 8/24 MP: 2/2
   310 | D:1      | Gained mutation: You are mostly covered in yellow scales.
                  | (AC +3) [demonic ancestry]
   310 | D:1      | Reached XP level 3. HP: 26/29 MP: 3/3
  1060 | D:2      | Reached XP level 4. HP: 36/37 MP: 4/4
  1710 | D:3      | Reached skill level 4 in Fighting
  1793 | D:3      | Gained mutation: You regenerate a little health from kills.
                  | [demonic ancestry]
  1793 | D:3      | Reached XP level 5. HP: 37/42 MP: 5/5
  1966 | D:3      | Found Dycoc's Assorted Antiques.
  1972 | D:3      | Found Iqiloluq's Antique Weapon Shop.
  2163 | D:3      | Found a faded altar of an unknown god.
  2467 | D:4      | Killed from afar by an orc wizard

Illustrated notes

Levels and vault maps discovered:
D:1:      scummos_arrival_forest, layout_basic, hangedman_decor_lopped,
          chequers_serial_rivers_micro_d
D:2:      layout_basic, minivault_27
D:3:      corexii_shack_village, layout_basic, ebering_ecumenical_altar_box,
          serial_shops, nicolae_shop_competitors_out_of_business,
          nicolae_shop_overgrown_old_shop
D:4:      layout_gridville, serial_shops, nicolae_shop_crystal, uniq_eustachio

Skill      XL: |  1  2  3  4 |
---------------+-------------+-----
Axes           | 3 |  3.8
Dodging        | 3 |  3.8
Fighting       | 4 |  4.3

Action                     |  1- 3 |  4- 6 || total
---------------------------+-------+-------++-------
  Melee: Hand axe          |   122 |   131 ||   253
    Use: Potion            |     1 |       ||     1
 Armour: Robe              |    32 |    28 ||    60
  Dodge: Dodged            |   103 |    79 ||   182
  Block: Orb               |    32 |    32 ||    64
         Reflection        |       |     2 ||     2

Table legend: (Time is in decaauts)
 A = Elapsed time spent in this place.
 B = Non-inter-level travel time spent in this place.
 C = Inter-level travel time spent in this place.
 D = Time resting spent in this place.
 E = Time spent auto-exploring this place.
 F = Levels seen in this place.
 G = Mean time per level.
                   A        B        C        D        E       F      G
               +--------+--------+--------+--------+--------+-----+--------+
         Total |   2498 |   2373 |    125 |      0 |   1845 |   4 |  624.5 |
       Dungeon |   2498 |   2373 |    125 |      0 |   1845 |   4 |  624.5 |
               +--------+--------+--------+--------+--------+-----+--------+

Top non-repeatable levels by time:
     D:2: 909 daAuts
     D:3: 815 daAuts
     D:1: 737 daAuts
     D:4: 36 daAuts
